Cogmind - Beta 10.1 @@@ ROGUE MODE // 2020.10.14 @ 20:13:25 Player: aperiodic Result: Destroyed by D-53 Grenadier with Mini Grenade Launcher Performance ------------- Evolutions (0) 0 Regions Visited (2) 400 Robots Destroyed (20) 100 Value Destroyed (463) 463 Prototype IDs (3) 60 Alien Tech Used (0) 0 Bonus (0) 0 TOTAL SCORE: 1023 Bonus ------- None Cogmind --------- Core Integrity 0/250 Matter 291/300 Energy 100/100 System Corruption 0% Temperature Cool (0) Movement Core (550) Ox10 Location -10/Mines Parts ------- > --- POWER (1) -------- (None) > --- PROPULSION (2) --- (None) > --- UTILITY (2) ------ Large Storage Unit Large Storage Unit > --- WEAPON (2) ------- (None) > --- INVENTORY (16) --- Light Ion Engine Light Treads Light Treads Improved Heat Sink Small Storage Unit Medium Storage Unit Large Matter Pod (150) Heavy EM Pulse Gun Heavy EM Pulse Gun Particle Cannon Light Assault Rifle Light Assault Rifle Light Assault Rifle Light Assault Rifle Mini Grenade Launcher Peak State ------------ > --- POWER ------------ Light Nuclear Core > --- PROPULSION ------- Light Treads Light Treads > --- UTILITY ---------- Large Storage Unit Large Storage Unit > --- WEAPON ----------- Particle Cannon Assault Rifle > --- INVENTORY -------- Ion Engine Ion Engine Light Ion Engine Light Treads Light Treads Wheel Wheel Improved Heat Sink Small Storage Unit Medium Storage Unit Large Matter Pod Heavy EM Pulse Gun Heavy EM Pulse Gun Light Assault Rifle Mini Grenade Launcher Mini Grenade Launcher [Rating: 12] Favorites ----------- Power Ion Engine Engine Ion Engine Power Core Light Nuclear Core Propulsion Wheel Treads Light Treads Wheel Wheel Utility Large Storage Unit Storage Large Storage Unit Weapon Particle Cannon Energy Gun Small Laser Energy Cannon Particle Cannon Ballistic Gun Light Assault Rifle Launcher Mini Grenade Launcher Build | -11 -10 -10 ------- Run | Scr Mat Min Slots Evolved . | . . . Power . | . . . Propulsion . | . . . Utility . | . . . Weapon . | . . . Parts Attached 28 | 8 18 2 Power 4 | 2 2 . Engine 3 | 2 1 . Core 1 | . 1 . Reactor . | . . . Propulsion 10 | 2 7 1 Treads 4 | . 4 . Leg . | . . . Wheel 6 | 2 3 1 Hover . | . . . Flight . | . . . Utility 3 | 1 2 . Device . | . . . Storage 3 | 1 2 . Processor . | . . . Hackware . | . . . Protection . | . . . Artifact . | . . . Weapon 11 | 3 7 1 Energy Gun 1 | 1 . . Energy Cannon 3 | . 3 . Ballistic Gun 6 | 2 4 . Ballistic Cannon . | . . . Launcher 1 | . . 1 Special Weapon . | . . . Impact Weapon . | . . . Slashing Weapon . | . . . Piercing Weapon . | . . . Special Melee Weapon . | . . . Unidentified Prototypes . | . . . Parts Lost 7 | . 1 6 Power 1 | . . 1 Propulsion 3 | . . 3 Utility . | . . . Weapon 3 | . 1 2 Highest Loss Streak 6 | . 1 6 Average Slot Usage (%) 93 | . 92 97 Engine 5 | . 7 . Core 5 | . 3 13 Treads 9 | . 11 . Wheel 17 | . 15 27 Storage 27 | . 27 28 Energy Gun 2 | . 3 . Energy Cannon 9 | . 10 8 Ballistic Gun 12 | . 12 13 Naked Turns . | . . . Heaviest Build 43 | 11 43 42 Greatest Support 40 | 26 40 20 Greatest Overweight (x) 3 | . 3 3 Average Overweight (x) 1 | . 1 1 Largest Inventory Capacity 16 | 6 16 16 Average Capacity 15 | 5 15 16 Most Carried 16 | 4 16 16 Average Carried 12 | 2 11 15 Final Capacity 16 | 6 16 16 Final Carried 16 | 4 16 15 Class Distribution -------------------- 100% | Mutant Dominant Class ---------------- Mutant | -10/Materials Mutant | -10/Mines Resources | -11 -10 -10 ----------- Run | Scr Mat Min Matter Collected 715 | 220 477 18 Remotely . | . . . Salvage Created 659 | . 630 29 Parts 42 | . 35 7 Haulers Intercepted 1 | . 1 . Recyclers Shooed 1 | . . 1 Parts Field Recycled . | . . . Retrieved Matter . | . . . Parts Self-Destructed . | . . . Prevented . | . . . Kills | -11 -10 -10 ------- Run | Scr Mat Min Combat Hostiles Destroyed 13 | . 10 3 Guns 5 | . 5 . Cannons 5 | . 5 . AOE 3 | . . 3 Classes Destroyed 7 | . 5 2 Worker 2 | . 2 . Builder 1 | . . 1 Hauler 1 | . 1 . Mechanic 1 | . 1 . Watcher 2 | . 2 . Swarmer 3 | . . 3 Grunt 10 | . 10 . Best Kill Streak 5 | . 5 4 Combat Bots Only 4 | . 4 3 Max Kills in Single Turn 2 | . 1 2 Gunslinging . | . . . Exploded 2 | . . 2 Melee . | . . . Uniques/NPCs Destroyed . | . . . Combat | -11 -10 -10 -------- Run | Scr Mat Min Damage Taken 897 | . 433 464 Core 272 | . 119 153 Absorbed by Shields . | . . . Core Remaining (%) 100 | 100 . . Volleys Fired 49 | . 44 5 Largest 2 | . 2 2 Hottest 88 | . 88 88 Shots Fired 95 | . 85 10 Gun 55 | . 50 5 Cannon 37 | . 35 2 Launcher 3 | . . 3 Special . | . . . Kinetic 47 | . 42 5 Thermal 45 | . 43 2 Explosive 3 | . . 3 Electromagnetic . | . . . Robot Hit Streak 21 | . 21 1 Robot Miss Streak 2 | . 2 2 Penetration Max . | . . . Secondary Targets . | . . . Shots Hit Robots 65 | . 62 3 Core Hits 31 | . 26 5 Critical Hits . | . . . Critical Kills . | . . . Critical Parts Destroyed . | . . . Melee Attacks . | . . . Impact . | . . . Slashing . | . . . Piercing . | . . . Sneak Attacks . | . . . Combat Hostiles . | . . . Follow-up Attacks . | . . . Damage Inflicted 1217 | . 1004 213 Guns 375 | . 367 8 Cannons 678 | . 637 41 Explosions 164 | . . 164 Melee . | . . . Ramming . | . . . Kinetic 309 | . 301 8 Thermal 744 | . 703 41 Explosive 164 | . . 164 Electromagnetic . | . . . Impact . | . . . Slashing . | . . . Piercing . | . . . Highest Corruption . | . . . Average Corruption . | . . . Corruption Purged . | . . . Overload Shots . | . . . Overflow Damage 16 | . 16 . Projectiles 16 | . 16 . Explosions . | . . . Melee . | . . . Knockbacks . | . . . Impact . | . . . Kinetic . | . . . Secondary . | . . . Self-Inflicted Damage . | . . . Shots . | . . . Rammed . | . . . Targets Rammed . | . . . Kicked . | . . . Crushed . | . . . Highest Temperature 292 | . 292 86 Average Temperature 85 | . 90 32 Received Heat Transfer 249 | . 249 . Siege Activations . | . . . Robots Corrupted . | . . . Combat Hostiles . | . . . Parts Fried . | . . . Impact Corruptions . | . . . Robots Melted . | . . . Combat Hostiles . | . . . Parts Melted 2 | . 2 . Heat Transferred 1334 | . 1260 74 Parts Sabotaged . | . . . Parts Stolen . | . . . Parts Stripped . | . . . Power Chain Reactions . | . . . Missiles Intercepted . | . . . Alert | -11 -10 -10 ------- Run | Scr Mat Min Peak Influence 242 | . 242 75 Initial . | . . . Average 71 | . 87 24 Maximum Alert Level 1 | . 1 . Low Security (%) 95 | 100 93 100 Level 1 4 | . 6 . Level 2 . | . . . Level 3 . | . . . Level 4 . | . . . Level 5 . | . . . High Security . | . . . Max Security . | . . . Squads Dispatched 2 | . 2 . Investigation 1 | . 1 . Extermination . | . . . Reinforcement 1 | . 1 . Assault . | . . . Garrison . | . . . Intercept . | . . . Construction Impeded . | . . . Haulers Reinforced . | . . . Stealth | -11 -10 -10 --------- Run | Scr Mat Min Distress Signals . | . . . Communications Jammed . | . . . Distress Signals . | . . . Times Spotted 38 | . 20 18 Peak Tracking Total 18 | . 4 18 Tactical Retreats 3 | . 2 1 Traps | -11 -10 -10 ------- Run | Scr Mat Min Traps Triggered 4 | . 4 . Indirectly . | . . . Trap Hack Attempts . | . . . Triggered . | . . . Disarmed . | . . . Reprogrammed . | . . . Reused . | . . . Traps Extracted . | . . . Installed . | . . . Triggered . | . . . Machines | -11 -10 -10 ---------- Run | Scr Mat Min Machines Disabled . | . . . Max in Single Turn . | . . . Machines Sabotaged . | . . . Garrisons Compromised . | . . . Overloaded Fab Kills . | . . . Fab Network Shutdowns . | . . . Hacking | -11 -10 -10 --------- Run | Scr Mat Min Machines Accessed 6 | . 6 . Terminals 6 | . 6 . Fabricators . | . . . Repair Stations . | . . . Recycling Units . | . . . Scanalyzers . | . . . Garrison Access . | . . . Total Hacks 20 | . 20 . Successful 13 | . 13 . Failed 6 | . 6 . Catastrophic . | . . . Database Lockouts 1 | . 1 . Manual 15 | . 15 . Terminals 20 | . 20 . Fabricators . | . . . Repair Stations . | . . . Recycling Units . | . . . Scanalyzers . | . . . Garrison Access . | . . . Terminal Hacks 7 | . 7 . Robot Analysis 2 | . 2 . Prototype ID Bank 2 | . 2 . Alert Level 1 | . 1 . Unreport Threat 1 | . 1 . Hauler Manifests 1 | . 1 . Fabricator Hacks . | . . . Repair Station Hacks . | . . . Recycling Unit Hacks . | . . . Scanalyzer . | . . . Garrison Access Hacks . | . . . Unauthorized Hacks 6 | . 6 . Terminals 6 | . 6 . Assimilate 1 | . 1 . Botnet 4 | . 4 . Operators 1 | . 1 . Fabricators . | . . . Repair Stations . | . . . Recycling Units . | . . . Scanalyzers . | . . . Garrison Access . | . . . Data Cores Recovered . | . . . Used . | . . . Hacking Detections 6 | . 6 . Full Trace Events . | . . . Feedback Events . | . . . Feedback Blocked . | . . . Robot Schematics Acquired . | . . . Robots Built . | . . . Matter . | . . . Time . | . . . Total Robot Build Rating . | . . . Part Schematics Acquired . | . . . Parts Built . | . . . Matter . | . . . Time . | . . . Total Part Build Rating . | . . . Parts Repaired . | . . . Time . | . . . Parts Recycled . | . . . Recycled Matter . | . . . Retrieved Matter . | . . . Retrieved Components . | . . . Parts Scanalyzed . | . . . Part Schematics Acquired . | . . . Parts Damaged . | . . . Bothacking | -11 -10 -10 ------------ Run | Scr Mat Min Used RIF Installer . | . . . Robots Hacked . | . . . Non-combat . | . . . Combat . | . . . Robot Hacks Applied . | . . . Relay Couplers Released . | . . . Robots Rewired . | . . . Allies Hacked . | . . . Hacks Repelled . | . . . Allies | -11 -10 -10 -------- Run | Scr Mat Min Total Allies . | . . . Largest Group . | . . . Highest-Rated Group . | . . . Highest-Rated Ally . | . . . Total Orders . | . . . Ally Attacks . | . . . Total Damage . | . . . Kills . | . . . Allies Corrupted . | . . . Allies Melted . | . . . Intel | -11 -10 -10 ------- Run | Scr Mat Min Robot Analysis Total 2 | . 2 . Derelict Logs Recovered 1 | . . 1 Drone Launches . | . . . Drone Recoveries . | . . . Exploration | -11 -10 -10 ------------- Run | Scr Mat Min Turns Passed 1044 | 52 800 192 Spaces Moved 668 | 40 464 164 Core 6 | 6 . . Treads 100 | . 100 . Legs . | . . . Wheels 562 | 34 364 164 Hover . | . . . Flight . | . . . Fastest Speed 50 | 50 90 90 Average Speed 108 | 84 114 97 Slowest Speed 180 | 90 180 110 Overloaded Moves . | . . . Propulsion Burnouts . | . . . Robots Hopped . | . . . Cave-ins Triggered . | . . . Exploration Rate (%) 34 | 4 73 27 Regions Visited 2 Branch Regions 1 Pre-discovered Areas 1 | . . 1 Known Exits Taken . | . . . Unknown Exits Taken 2 | 1 1 . Scrap Searched . | . . . Spaces Dug . | . . . Terrain Destroyed 23 | . . 23 Melee . | . . . Projectile . | . . . AOE 23 | . . 23 Terrain Rammed . | . . . Walls Destroyed . | . . . Machines Disabled . | . . . Actions | -11 -10 -10 --------- Run | Scr Mat Min Total 890 | 57 647 186 Wait 106 | . 91 15 Move 666 | 39 463 164 Hop . | . . . Pick Up 35 | 10 25 . Fast Attach 1 | . 1 . Attach 16 | 6 9 1 Detach . | . . . Swap 11 | 2 8 1 Drop 6 | . 6 . Fire 49 | . 44 5 Melee . | . . . Ram . | . . . Kick . | . . . Crush . | . . . Escape Stasis . | . . . Rewire . | . . . Trap . | . . . Miscellaneous . | . . . Route ------- -11/Scrapyard -10/Materials (discovered 4 exits: [*Mat x3] / [*Min]) -10/Mines History --------- Turn | Location | Event 19 | -11/Scrapyard | Discovered new exit (range 16) 53 | -11/Scrapyard | Entered Materials 115 | -10/Materials | Discovered new exit (range 15) 304 | -10/Materials | Build established: Mutant 339 | -10/Materials | Discovered new exit (range 13) 746 | -10/Materials | Discovered new exit (range 10) 814 | -10/Materials | Central database locked down 817 | -10/Materials | Discovered new exit (range 12) 853 | -10/Materials | Entered Mines 927 | -10/Mines | Learned location of Storage (-8) 970 | -10/Mines | Learned Materials garrison access intel 991 | -10/Mines | Assembled infested the area 996 | -10/Mines | Assisted by a Guerilla fighting off Assembled 1040 | -10/Mines | Core integrity fell below 50% 1044 | -10/Mines | Core integrity fell below 20% 1045 | -10/Mines | Destroyed by D-53 Grenadier with Mini Grenade Launcher Last Messages --------------- way!" 01001_ HV Slug penetrates Wall. 01002_ The unstable cave ceiling collapses. 01002_ U-05 Engineer destroyed. 01003_ HV Slug penetrates Wall. 01003_ MU-UR7(h) destroyed. 01003_ as-75363 destroyed. 01003_ as-53522 destroyed. 01004_ The unstable cave ceiling collapses. 01007_ as-86947 destroyed. 01007_ as-36911 destroyed. 01007_ as-51061 destroyed. 01007_ as-93916 destroyed. 01014_ Acquired 14 matter. 01036_ Lgt. Nuclear Core destroyed. 01036_ Lgt. Assault Rifle destroyed. 01036_ Seismic Survey Station disabled. 01038_ Wheel destroyed. 01044_ Mni. Grenade Launcher destroyed. 01044_ Wheel destroyed. Map ----- +----------------------------------------------------+ | ?????????????????????????????????????????????????? | | ?????????????????????????????????????????????????? | | ?????????????????????????????????????????????????? | | ???????????????????????????????????????????? ????? | | ???????????????????????????????????????????? #???? | | ???????????????????????????????????????????? #???? | | ???????????????????????????????????????????? #???? | | ??????????????????????????????????????????? #???? | | ??????????????????????????????????????????? #???? | | ??????????????????????????????????????????? #???? | | ?????????????????????????????????????????? ##??? | | ?????????????????????????????????????????? ?? | | ????????????????????????????????????????? ? | | ???????????????????????????????????????## # | | ??????????????????????????????????????## | | ????????????????????????????????????### # | | ???????????????????????????????????## | | ??????????????????????????????????## % | | ?????????????????????####????????## # | | ???????????????????### ##???????# #? | | ????????????????#### ###?????# #? | | ????????????????# # ####### ## | | ?????????????#### ## %[ ## | | ?????????##### ## ## # | | ?????##### ## ######## ## # | | ?????# @ d # #??????## ###? # | | ?????# d #???????###??? | | ????## ### ###?????????????? | | ???## ########## #????????????????# # | | ???# #???????### #####?????????????????### | | ???# #?????????### ###???????????????????????? | | ??## #???????????# #?????????????????????????? | | ### ##??????????# #?????????????????????????? | | # ##???????### #?????????????????????????? | | ##??????# #?????????????????????????? | | ##?????# ####?????????????????????????? | | # ## #?????# #????????????????????????????? | | ###?# ##????# ###??????????????????????????? | | ????# #???## ##?????????????????????????? | | ???# """ #??# #?????????????????????????? | | ???# """ #??# #?????????????????????????? | | ???## """ #?## ##?????????????????????????? | | ????#### #### ##??????????????????????????? | | ????????# #### ##???????????????????????????? | | ?????????###### ##????????????????????????????? | | ????????????## ##?????????????????????????????? | | ????????????# #??????????????????????????????? | | ????????????## ##??????????????????????????????? | | ?????????????#####???????????????????????????????? | | ?????????????????????????????????????????????????? | +----------------------------------------------------+ Best States ------------- Heat Dissipation 25 Energy Generation 14 Energy Capacity 250 Matter Stores 300 Matter Capacity 300 Sight Range 16 Terrain Scan Density 10 Evasion (%) 42 Recoil Reduction 2 Item Schematics ----------------- None Robot Schematics ------------------ None Fabricated ------------ Nothing Alien Tech Used ----------------- None Achievements -------------- None Challenges ------------ None Game ------ Seed AlphaNovaSword Manual? 0 Play Time 00:21:29 Cumulative 106.3 hours Start 2020.10.14 @ 19:52:08 End 2020.10.14 @ 20:13:25 Sessions 1 Manual Loads 0 Difficulty Rogue Special Mode None Game No. 52 Rogue 48 Adventurer 4 Explorer 0 Win Type - Total 0 Types 0/0/0/0/0/0/0/0/0 Lore% 45 Gallery% 61 Achievement% 45 Wizard Run 0 Options --------- ASCII 1 Keyboard 0 Movement Mouse Keybinds 0 Fullscreen 1 Font 18/SmallcapsGlow Map View 76x50 Tactical HUD 1 Map Filters NONE Filters NONE Steam 1 RUN: 011d5d69-4c41-4c07-babf-e927df7b56ce